 Dungeon Crawl Stone Soup version 0.32-a0-711-g016ad743e0 (console) character file.

Game seed: 13644953171923737278

2513 jejorda2 the Cleaver (level 9, -15/111 HPs)
             Began as a Gnoll Berserker on Mar 16, 2024.
             Was a Believer of Trog.
             Demolished by a komodo dragon (23 damage)
             ... on level 6 of the Dungeon.
             The game lasted 00:10:53 (5810 turns).

jejorda2 the Cleaver (Gnoll Berserker)              Turns: 5810, Time: 00:10:53

Health: -15/111    AC: 12    Str: 26    XL:     9   Next: 53%
Magic:  15/15      EV: 10    Int:  7    God:    Trog [**....]
Gold:   334        SH:  0    Dex: 12    Spells: 17/17 levels left

rFire   . . .        b - +0 dire flail
rCold   . . .        (shield currently unavailable)
rNeg    + . .        B - +0 chain mail {rN+}
rPois   .            q - +0 helmet
rElec   .            (no cloak)
rCorr   .            y - +0 pair of gloves
SInv    .            (no boots)
Will    .....        (no amulet) Stlth
                     k - +6 ring of strength
HPRegen 0.38/turn    x - ring of flight
MPRegen 0.14/turn

%: no passive effects
@: berserking, flying, studying Short Blades, very quick
A: fangs 1, strong nose, distributed training
a: Renounce Religion, Berserk, Trog's Hand


You were on level 6 of the Dungeon.
You worshipped Trog.
Trog was pleased with you.
You visited 1 branch of the dungeon, and saw 6 of its levels.

You collected 334 gold pieces.

Inventory:

Hand Weapons
 a - a +0 war axe
 b - a +0 dire flail (weapon)
Missiles
 c - 4 poisoned darts (quivered)
 e - 2 curare-tipped darts
Armour
 q - a +0 helmet (worn)
 y - a +0 pair of gloves (worn)
 B - a +0 chain mail of positive energy (worn)
Jewellery
 k - a +6 ring of strength (left hand)
 w - a ring of fire
 x - a ring of flight (right hand)
Scrolls
 f - a scroll of immolation
 g - 5 scrolls of enchant armour {unknown}
 h - 4 scrolls of identify {unknown}
 i - a scroll of torment {unknown}
 j - a scroll of poison {unknown}
 r - 2 scrolls of enchant weapon {unknown}
 u - a scroll of teleportation {unknown}
 v - a scroll of noise {unknown}
Potions
 d - 8 potions of curing {unknown}
 l - a potion of cancellation {unknown}
 m - 2 potions of might {unknown}
 n - a potion of heal wounds {unknown}
 o - a potion of berserk rage {unknown}
 p - a potion of haste {unknown}
 s - a potion of brilliance {unknown}
 z - a potion of magic {unknown}


   Skills:
 + Level 8.0 Fighting
 + Level 4.5 Short Blades
 + Level 4.5 Long Blades
 + Level 8.0 Axes
 + Level 4.5 Maces & Flails
 + Level 4.5 Polearms
 + Level 4.5 Staves
 + Level 4.5 Ranged Weapons
 + Level 4.5 Throwing
 + Level 6.5 Armour
 + Level 6.5 Dodging
 + Level 4.5 Stealth
 + Level 4.5 Shields
 + Level 4.5 Unarmed Combat
 + Level 4.5 Spellcasting
 + Level 3.7 Conjurations
 + Level 3.7 Hexes
 + Level 3.7 Summonings
 + Level 3.7 Necromancy
 + Level 3.7 Translocations
 + Level 3.7 Fire Magic
 + Level 3.7 Ice Magic
 + Level 3.7 Air Magic
 + Level 3.7 Earth Magic
 + Level 3.7 Alchemy
 + Level 5.0 Invocations
 + Level 4.5 Evocations
 + Level 4.1 Shapeshifting


You had 17 spell levels left.
You didn't know any spells.
Your spell library was empty.

Dungeon Overview and Level Annotations

Branches:
Dungeon (6/15)
 Temple: D:4-7

Altars:
Nemelex Xobeh
Uskayaw
Xom
Zin

Annotations:
D:6 2 runed translucent doors


Innate Abilities, Weirdness & Mutations

You have very sharp teeth.
Your uncanny sense of smell can sniff out nearby items.
Your experience applies equally to all skills.


Message History

You kill the bombardier beetle!
Trog accepts your kill. The liquid fire burns you!
Your Invocations skill increases to level 5!
A scorpion comes into view.
You shake off some of the fire as you move.
The liquid fire burns you!
A komodo dragon comes into view.
Found a falchion and a sparkling amber ring.
You shake off some of the fire as you move.
The liquid fire burns you!
The komodo dragon hisses angrily.
You hit the scorpion but do no damage. The liquid fire burns you!
The scorpion stings you but does no damage.
You closely miss the scorpion. The liquid fire burns you!
The komodo dragon barely misses you. The scorpion stings you.
You hit the scorpion but do no damage. The liquid fire burns you!
The scorpion stings you but does no damage.
The komodo dragon bites you!
* * * LOW HITPOINT WARNING * * *
The scorpion closely misses you.
You shake off the liquid fire.
The komodo dragon attacks as it pursues you!
The komodo dragon bites you.
* * * LOW HITPOINT WARNING * * *
A red film seems to cover your vision as you go berserk!
You feel yourself moving faster!
You feel mighty! The komodo dragon bites you!
* * * LOW HITPOINT WARNING * * *
You barely miss the komodo dragon. The komodo dragon misses you.
You sock the komodo dragon!
The komodo dragon is lightly wounded.
The komodo dragon bites you.
* * * LOW HITPOINT WARNING * * *
You sock the komodo dragon!
The komodo dragon is heavily wounded.
The komodo dragon bites you!!
You die...

#.#ß....ß# ∆ ##..........##.#
#.#).....# #.........#...##
#.#|....(# ## ##............###
#.#ß....ß# #=. )##.......)....##
#.##ß..ß#####.##.#...........###
#..##++##.'.##.#.#............##
##........##.#..s#..#...........
########.#.####l#..##....##....
#.##...@##.###..........
#..######).# ##.##......
##......)).# #..###.#...
##.##.###.# ##..####... ....
#)####.## #.... ###. ##.##...#
#...# ##. #.......# ##...#
....#.....#####.....
#.......#.##..[.....


You could see a komodo dragon and a scorpion.

Vanquished Creatures
  A two-headed ogre (D:6)
  Sigmund (D:5)
  Eustachio (D:5)
  Edmund (D:4)
  2 water moccasins
  An orc warrior (D:6)
  2 black bears
  3 scorpions (D:6)
  4 wights (D:5)
  A killer bee (D:6)
  3 bombardier beetles
  An orc priest (D:4)
  3 hounds
  4 iguanas
  An orc wizard (D:4)
  10 gnolls
  7 adders
  A white imp (D:6)
  4 dart slugs
  A ribbon worm (D:5)
  11 orcs
  3 endoplasms
  3 giant cockroaches
  16 goblins
  8 hobgoblins
  4 jackals (D:1)
  3 quokkas
  5 ball pythons
  3 bats
  3 frilled lizards
  11 kobolds
  5 rats
127 creatures vanquished.

Notes
Turn   | Place    | Note
-------+----------+-------------------------------------------
     0 | D:1      | jejorda2 the Gnoll Berserker began the quest for the Orb.
     0 | D:1      | Reached XP level 1. HP: 23/23 MP: 1/1
   142 | D:1      | Reached XP level 2. HP: 29/29 MP: 2/2
   423 | D:1      | Reached XP level 3. HP: 35/35 MP: 3/3
   496 | D:1      | Found a faded altar of an unknown god.
  1070 | D:2      | Reached skill level 1 in Invocations
  1144 | D:2      | Found a glowing silver altar of Zin.
  1340 | D:2      | You fall into a shaft and drop 1 floor!
  1375 | D:3      | Reached ** piety under Trog
  1446 | D:3      | Found a sparkling altar of Nemelex Xobeh.
  1511 | D:3      | Reached skill level 1 in Short Blades
  1511 | D:3      | Reached skill level 1 in Long Blades
  1511 | D:3      | Reached skill level 1 in Maces & Flails
  1511 | D:3      | Reached skill level 1 in Polearms
  1511 | D:3      | Reached skill level 1 in Staves
  1511 | D:3      | Reached skill level 1 in Ranged Weapons
  1511 | D:3      | Reached skill level 1 in Throwing
  1511 | D:3      | Reached skill level 1 in Stealth
  1511 | D:3      | Reached skill level 1 in Shields
  1511 | D:3      | Reached skill level 1 in Unarmed Combat
  1511 | D:3      | Reached skill level 1 in Spellcasting
  1511 | D:3      | Reached skill level 1 in Evocations
  1518 | D:3      | Reached skill level 1 in Shapeshifting
  1518 | D:3      | Reached XP level 4. HP: 32/41 MP: 5/5
  1592 | D:3      | Reached skill level 1 in Conjurations
  1592 | D:3      | Reached skill level 1 in Hexes
  1592 | D:3      | Reached skill level 1 in Summonings
  1592 | D:3      | Reached skill level 1 in Necromancy
  1592 | D:3      | Reached skill level 1 in Translocations
  1592 | D:3      | Reached skill level 1 in Fire Magic
  1592 | D:3      | Reached skill level 1 in Ice Magic
  1592 | D:3      | Reached skill level 1 in Air Magic
  1592 | D:3      | Reached skill level 1 in Earth Magic
  1592 | D:3      | Reached skill level 1 in Alchemy
  1644 | D:2      | Reached XP level 5. HP: 47/47 MP: 5/7
  1999 | D:3      | Noticed a black bear
  2005 | D:3      | Killed a black bear
  2006 | D:3      | Reached XP level 6. HP: 53/53 MP: 8/8
  2416 | D:3      | Reached skill level 5 in Armour
  2416 | D:3      | Reached skill level 5 in Dodging
  3002 | D:4      | Found a shimmering altar of Xom.
  3148 | D:4      | Noticed Edmund
  3159 | D:4      | Killed Edmund
  3218 | D:4      | Reached XP level 7. HP: 60/60 MP: 10/10
  3578 | D:5      | Entered Level 5 of the Dungeon
  3670 | D:5      | Found a hide-covered altar of Uskayaw.
  3705 | D:5      | Noticed Sigmund
  3712 | D:5      | Killed Sigmund
  4071 | D:5      | Reached XP level 8. HP: 62/67 MP: 12/12
  4371 | D:5      | Noticed Eustachio
  4411 | D:5      | Killed Eustachio
  5079 | D:6      | Reached *** piety under Trog
  5177 | D:6      | Reached XP level 9. HP: 24/73 MP: 14/14
  5515 | D:6      | Found a large runed translucent door.
  5515 | D:6      | Found a large runed translucent door.
  5517 | D:6      | Noticed a two-headed ogre
  5698 | D:6      | Killed a two-headed ogre
  5744 | D:6      | Found a large runed translucent door.
  5744 | D:6      | Found a large runed translucent door.
  5801 | D:6      | Reached skill level 5 in Invocations
  5802 | D:6      | Noticed a komodo dragon
  5810 | D:6      | Demolished by a komodo dragon

Illustrated notes

Levels and vault maps discovered:
D:1:      heliophobic_arrival_ceremonial_halls, layout_loops_corners,
          hellmonk_ecumenical_altar_blasted, glass_columns_b,
          serial_bayou_pond_a, chequers_decorated_corner
D:2:      layout_loops_cross, basic_altar
D:3:      layout_loops_ring, amcnicky_altar_gilded, serial_glass,
          glass_columns_a, glass_columns_c, glass_columns_a, glass_columns_b,
          glass_columns_a, glass_columns_b, minmay_goblin_outpost
D:4:      cheibrodos_pilgrimage, layout_loops_ring, overflow_temple_1_default,
          due_unseen_surprise, uniq_edmund
D:5:      layout_loops_corners, mainiacjoe_overflow_brackets,
          roderic_serpentine_path, uniq_eustachio, uniq_sigmund
D:6:      layout_cave_pools, lemuel_doored_altar, serial_shops, shop,
          minmay_hollow_rounded_squares, uniq_duvessa

Skill      XL: |  1  2  3  4  5  6  7  8  9 |
---------------+----------------------------+-----
Invocations    | 1 2 3 4 5 |  5.0
Short Blades   | 1 2 3 4 |  4.5
Long Blades    | 1 2 3 4 |  4.5
Maces & Flails | 1 2 3 4 |  4.5
Polearms       | 1 2 3 4 |  4.5
Staves         | 1 2 3 4 |  4.5
Ranged Weapons | 1 2 3 4 |  4.5
Throwing       | 1 2 3 4 |  4.5
Stealth        | 1 2 3 4 |  4.5
Shields        | 1 2 3 4 |  4.5
Unarmed Combat | 1 2 3 4 |  4.5
Spellcasting   | 1 2 3 4 |  4.5
Evocations     | 1 2 3 4 |  4.5
Shapeshifting  | 1 2 3 4 |  4.1
Conjurations   | 1 2 3 |  3.7
Hexes          | 1 2 3 |  3.7
Summonings     | 1 2 3 |  3.7
Necromancy     | 1 2 3 |  3.7
Translocations | 1 2 3 |  3.7
Fire Magic     | 1 2 3 |  3.7
Ice Magic      | 1 2 3 |  3.7
Air Magic      | 1 2 3 |  3.7
Earth Magic    | 1 2 3 |  3.7
Alchemy        | 1 2 3 |  3.7
Armour         | 5 6 |  6.5
Dodging        | 5 6 |  6.5
Fighting       | 7 8 |  8.0
Axes           | 7 8 |  8.0

Action                     |  1- 3 |  4- 6 |  7- 9 || total
---------------------------+-------+-------+-------++-------
  Melee: Hand axe          |   101 |    25 |   120 ||   246
         Bite              |    12 |    14 |    22 ||    48
         Halberd           |       |   122 |       ||   122
         Flail             |       |     2 |    53 ||    55
         War axe           |       |       |    21 ||    21
         Dire flail        |       |       |    16 ||    16
 Invoke: Berserk           |       |     4 |     6 ||    10
         Trog's Hand       |       |       |     3 ||     3
 Armour: Animal skin       |     5 |       |       ||     5
         Ring mail         |    53 |    63 |       ||   116
         Chain mail        |       |    26 |   172 ||   198
  Dodge: Dodged            |    44 |   103 |    91 ||   238

Table legend: (Time is in decaauts)
 A = Elapsed time spent in this place.
 B = Non-inter-level travel time spent in this place.
 C = Inter-level travel time spent in this place.
 D = Time resting spent in this place.
 E = Time spent auto-exploring this place.
 F = Levels seen in this place.
 G = Mean time per level.
                   A        B        C        D        E       F      G
               +--------+--------+--------+--------+--------+-----+--------+
         Total |   5961 |   5795 |    166 |    381 |   4278 |   6 |  993.5 |
       Dungeon |   5961 |   5795 |    166 |    381 |   4278 |   6 |  993.5 |
               +--------+--------+--------+--------+--------+-----+--------+

Top non-repeatable levels by time:
     D:5: 1441 daAuts
     D:3: 1076 daAuts
     D:1: 1025 daAuts
     D:6: 835 daAuts
     D:2: 794 daAuts
     D:4: 787 daAuts
